 Dungeon Crawl Stone Soup version 0.31-a0-192-ga50d7bf3bb (webtiles) character file.

Game seed: 1214604059077746311

31043 Gargoyl the Cleaver (level 13, -6/84 HPs)
             Began as a Gargoyle Berserker on June 24, 2023.
             Was an Elder of Trog.
             Mangled by an orc knight
             ... wielding a +0 great mace
              (13 damage)
             ... on level 14 of the Dungeon.
             The game lasted 00:14:13 (10036 turns).

Gargoyl the Cleaver (Gargoyle Berserker)           Turns: 10036, Time: 00:14:14

Health: -6/84      AC: 31    Str: 22    XL:     13   Next: 55%
Magic:  0/11       EV:  8    Int:  8    God:    Trog [****..]
Gold:   962        SH:  6    Dex: 13    Spells: 12/12 levels left

rFire   + . .        C - +2 broad axe (elec)
rCold   + + .        F - +1 buckler {rPois}
rNeg    + + .        s - +3 plate armour "Beunk" {Rampage *Slow rF+ rC++}
rPois   ∞            (no helmet)
rElec   +            v - +0 cloak
rCorr   .            (no gloves)
SInv    .            J - +1 pair of boots {Fly}
Will    ++...        m - amulet of guardian spirit Stlth
                     c - +4 ring of slaying
HPRegen 1.34/turn    h - ring of positive energy
MPRegen 0.12/turn

%: slow self (1%), guardian spirit, rampage
@: strong-willed, on berserk cooldown, flying, regenerating, slowed, very slow
A: sickness immunity, AC +9, negative energy resistance 1, electricity
resistance, torment resistance 1, petrification resistance, low MP 1, no potion
heal 1
a: Renounce Religion, Berserk, Trog's Hand, Brothers in Arms


You were on level 14 of the Dungeon.
You worshipped Trog.
Trog was greatly pleased with you.
You visited 1 branch of the dungeon, and saw 14 of its levels.

You collected 962 gold pieces.

Inventory:

Hand Weapons
 a - a +1 hand axe
 b - a +2 war axe of flaming
 n - a +2 trident of venom
 C - a +2 broad axe of electrocution (weapon)
Missiles
 j - 14 poisoned darts (quivered)
 q - 6 throwing nets
Armour
 s - the +3 plate armour "Beunk" (worn) {Rampage *Slow rF+ rC++}
   (You found it on level 13 of the Dungeon)

   rF:        It protects you from fire.
   rC:        It greatly protects you from cold.
   *Slow:     It may slow you when you take damage.
   Rampage:   It bestows one free step when moving towards enemies.
 v - a +0 cloak (worn)
 F - a +1 buckler of poison resistance (worn)
 J - a +1 pair of boots of flying (worn)
Jewellery
 c - a +4 ring of slaying (left hand)
 h - a ring of positive energy (right hand)
 m - an amulet of guardian spirit (around neck)
Wands
 e - a wand of light (6)
 r - a wand of flame (20)
 t - a wand of iceblast (12)
 y - a wand of polymorph (12)
 G - a wand of paralysis (3)
Scrolls
 f - 2 scrolls of fog
 i - 4 scrolls of blinking
 l - 3 scrolls of revelation
 u - 4 scrolls of identify
 E - 3 scrolls of teleportation
 H - a scroll of enchant armour
 I - a scroll of enchant weapon
Potions
 g - 2 potions of resistance
 k - 2 potions of haste
 o - 2 potions of might
 p - a potion of experience {unknown}
 w - a potion of ambrosia
 z - a potion of invisibility
 A - 2 potions of curing
 B - 4 potions of enlightenment


   Skills:
 + Level 10.8 Fighting
 + Level 14.9 Axes
 + Level 2.0 Throwing
 + Level 11.2 Armour
 + Level 4.4 Dodging
 + Level 2.9 Stealth
 + Level 6.9 Shields


You had 12 spell levels left.
You didn't know any spells.
Your spell library was empty.

Dungeon Overview and Level Annotations

Branches:
Dungeon (14/15)            Temple (0/1) D:7            Lair (0/5) D:8
    Orc (0/2) D:12
 Vaults: D:13-14

Altars:
Elyvilon
Fedhas
Ru
Vehumet
Wu Jian
The Shining One

Annotations:
D:14 1 transporter


Innate Abilities, Weirdness & Mutations

You are immune to sickness and miasma.
Your stone body is resilient. (AC +9)
You are immune to poison.
You resist negative energy. (rN+)
You are resistant to electric shocks. (rElec)
You are resistant to unholy torment.
You are immune to petrification.
Your magical capacity is low. (-10% MP)
Potions are less effective at restoring your health.


Message History

Your ogre closely misses the two-headed ogre.
The orange demon stings you but does no damage.
The two-headed ogre hits your ogre with a +0 giant spiked club!!!
Your ogre dies!
Your ogre's corpse disappears in a puff of smoke!
Okay, then.
You completely miss the orc sorcerer.
The orc sorcerer is almost dead.
You slice the orc warlord!! The orc sorcerer casts a spell at you.
You resist with almost no effort.
The orc warlord hits you with a +0 war axe!!
* * * LOW HITPOINT WARNING * * *
You slash the orc sorcerer!
Lightning courses through the orc sorcerer!!
You kill the orc sorcerer!
Trog accepts your kill.
Trog appreciates your killing of a magic user.
The orange demon disappears in a puff of smoke!
You slash the orc knight!
You hit the orc warlord but do no damage.
Your life force feels restored.
You are too berserk!
You rampage towards the cyclops!
You slice the cyclops!!
The cyclops is heavily wounded.
You slash the orc knight! You barely miss the orc warlord.
The orc warrior no longer looks unusually strong.
The orc warlord roars a battlecry!
The orc warrior goes into a battle-frenzy!
The orc knight closely misses you.
You slice the orc warlord!!
Lightning courses through the orc warlord!
The orc warlord is almost dead.
You slash the cyclops!
You hit the orc knight but do no damage.
You are no longer berserk.
You are exhausted.
You feel yourself slow down. You block the cyclops's attack.
The orc knight hits you with a +0 great mace!
You die...

......#.....#
#..©...##
###########
##....©....##
#...#####...#
#....#.#?...#
#.#$....oo#.#
#.##.8C8.##.#
#.#[o.@oO)#.#
#.##.8o8)##.#
#.#:......#.#
#...$#$#$...#
#...#####...#
##....©....##
###########
#..©...
###.#.#B.


You could see an orc warlord (strong), 3 orc knights, a two-headed ogre, a
cyclops and an orc warrior (strong).

Vanquished Creatures
  An ettin (D:14)
  Josephine (D:11)
  2 hydras
  5 centaur warriors
  A boulder beetle (D:13)
  A two-headed ogre (D:8)
  A tengu warrior (D:12)
  A skeletal warrior (D:13)
  A deep elf pyromancer (D:10)
  An orc knight (D:14)
  2 orc sorcerers (D:14)
  3 manticores
  2 cyclopes
  8 ugly things
  A tengu conjurer (D:12)
  A troll (D:12)
  A hornet (D:7)
  A merfolk (D:10)
  10 slime creatures
  5 wraiths
  19 yaks
  A spriggan (D:10)
  A wyvern (D:9)
  2 shadows (D:11)
  A human (D:10)
  A basilisk (D:12)
  11 vampire mosquitoes
  2 steam dragons
  2 wargs (D:8)
  3 acid dragons (D:11)
  10 orc warriors
  2 sky beasts (D:6)
  2 ice beasts
  An ogre (D:5)
  10 centaurs
  3 phantoms (D:5)
  2 gnoll sergeants
  4 scorpions
  2 bullfrogs
  10 wights
  4 killer bees (D:10)
  5 howler monkeys
  4 jellies
  A hound (D:5)
  9 orc priests
  4 iguanas
  A sleepcap (D:5)
  17 orc wizards
  2 human simulacra (D:13)
  7 adders
  15 gnolls
  A shadow imp (D:8)
  A white imp (D:7)
  2 ufetubi (D:5)
  A worm (D:2)
  A dart slug (D:2)
  43 orcs
  4 ball pythons
  6 endoplasms
  4 giant cockroaches
  6 goblins
  11 hobgoblins
  6 jackals
  5 quokkas
  6 bats
  3 frilled lizards
  4 kobolds
  5 rats
316 creatures vanquished.

Vanquished Creatures (collateral kills)
  3 skeletal warriors (D:13)
  A cyclops (D:14)
  A black mamba (shapeshifter) (D:13)
  An efreet (D:13)
  An orc warrior (D:14)
7 creatures vanquished.

Grand Total: 323 creatures vanquished

Notes
Turn   | Place    | Note
-------+----------+-------------------------------------------
     0 | D:1      | Gargoyl the Gargoyle Berserker began the quest for the Orb.
     0 | D:1      | Reached XP level 1. HP: 14/14 MP: 1/1
   174 | D:1      | Reached XP level 2. HP: 19/19 MP: 2/2
   176 | D:1      | Reached skill level 3 in Axes
   368 | D:1      | Reached XP level 3. HP: 24/24 MP: 3/3
   400 | D:1      | Reached ** piety under Trog
   953 | D:2      | Reached XP level 4. HP: 28/29 MP: 4/4
  1275 | D:3      | Reached skill level 4 in Axes
  1281 | D:3      | Reached XP level 5. HP: 24/33 MP: 5/5
  1733 | D:4      | Reached skill level 1 in Stealth
  1741 | D:4      | Reached XP level 6. HP: 19/39 MP: 6/6
  1921 | D:4      | Reached *** piety under Trog
  2268 | D:4      | Reached skill level 5 in Axes
  2268 | D:4      | Reached XP level 7. HP: 44/44 MP: 7/7
  2298 | D:4      | Identified the +4 dagger of Amorality {elec, rPois Will+
                  | Int+4 Dex+3}
  2413 | D:5      | Entered Level 5 of the Dungeon
  2599 | D:5      | Found a radiant altar of Vehumet.
  2639 | D:5      | Reached skill level 5 in Armour
  2702 | D:5      | Reached skill level 5 in Fighting
  2812 | D:5      | Reached XP level 8. HP: 10/49 MP: 1/8
  3013 | D:5      | Found a sacrificial altar of Ru.
  3053 | D:5      | Reached skill level 6 in Axes
  3458 | D:6      | Reached skill level 1 in Throwing
  3644 | D:6      | Reached skill level 7 in Axes
  3647 | D:6      | Reached XP level 9. HP: 52/55 MP: 6/9
  3661 | D:6      | Reached **** piety under Trog
  4083 | D:7      | Found a blossoming altar of Fedhas.
  4399 | D:7      | Found a staircase to the Ecumenical Temple.
  4470 | D:7      | Found a white marble altar of Elyvilon.
  4598 | D:7      | Noticed a hornet
  4607 | D:7      | Killed a hornet
  4608 | D:7      | Reached skill level 8 in Axes
  4608 | D:7      | Reached skill level 1 in Shields
  4742 | D:8      | Noticed a two-headed ogre
  4749 | D:8      | Killed a two-headed ogre
  4877 | D:8      | Found a staircase to the Lair.
  4886 | D:8      | Reached skill level 9 in Axes
  4886 | D:8      | Reached XP level 10. HP: 60/61 MP: 8/10
  5172 | D:8      | Found a faded altar of an unknown god.
  5254 | D:8      | You fall into a shaft and drop 3 floors!
  5325 | D:11     | Reached skill level 10 in Axes
  5325 | D:11     | Noticed Josephine
  5333 | D:11     | Killed Josephine
  5499 | D:10     | Entered Level 10 of the Dungeon
  5528 | D:9      | Reached XP level 11. HP: 65/67 MP: 11/11
  5654 | D:9      | Found a flagged portal.
  5842 | D:8      | Reached skill level 11 in Axes
  5986 | D:9      | Identified a scroll of acquirement
  5986 | D:9      | Acquired a +2 broad axe of electrocution
  6125 | D:9      | Reached ***** piety under Trog
  6395 | D:10     | Noticed a deep elf pyromancer
  6397 | D:10     | Noticed a centaur warrior
  6405 | D:10     | Killed a deep elf pyromancer
  6408 | D:10     | Killed a centaur warrior
  6482 | D:10     | Reached skill level 12 in Axes
  6646 | D:10     | Found an ornate altar of the Wu Jian Council.
  6800 | D:10     | Found a glowing golden altar of the Shining One.
  6878 | D:10     | Gained mutation: Potions are less effective at restoring
                  | your health. [potion of mutation]
  6878 | D:10     | Gained mutation: Your magical capacity is low. (-10% MP)
                  | [potion of mutation]
  6888 | D:10     | Reached skill level 10 in Armour
  7760 | D:12     | Noticed a tengu warrior
  7776 | D:12     | Killed a tengu warrior
  7777 | D:12     | Reached XP level 12. HP: 75/75 MP: 7/10
  7828 | D:12     | Reached skill level 5 in Shields
  7849 | D:12     | Found a staircase to the Orcish Mines.
  8030 | D:12     | Reached skill level 13 in Axes
  8450 | D:13     | Noticed a boulder beetle
  8471 | D:13     | Killed a boulder beetle
  8473 | D:13     | Noticed a centaur warrior
  8480 | D:13     | Killed a centaur warrior
  8599 | D:13     | Noticed a centaur warrior
  8609 | D:13     | Killed a centaur warrior
  8765 | D:13     | Identified the +10 executioner's axe of Ravyes {heavy, rF+
                  | rC- Dex+4} (Trog gifted it to you on level 13 of the
                  | Dungeon)
  8765 | D:13     | Received a gift from Trog
  8913 | D:13     | Noticed a four-headed hydra
  8933 | D:13     | Killed a one-headed hydra
  9015 | D:13     | Reached skill level 14 in Axes
  9021 | D:13     | Reached skill level 10 in Fighting
  9021 | D:13     | Reached XP level 13. HP: 77/82 MP: 5/11
  9028 | D:13     | Identified the +3 plate armour "Beunk" {Rampage *Slow rF+
                  | rC++}
  9110 | D:13     | Identified the +1 robe of the Scribe {*Corrode Regen+ SInv}
 10002 | D:14     | Found a transporter.
 10002 | D:14     | Found a transporter.
 10005 | D:14     | Noticed an ettin
 10006 | D:14     | Noticed an orc warlord
 10028 | D:14     | Killed an ettin
 10036 | D:14     | Mangled by an orc knight

Illustrated notes

Levels and vault maps discovered:
D:1:      dpeg_arrival_windows_large_door, layout_loops_ring,
          grunt_decor_arrowhead
D:2:      layout_loops_ring
D:3:      layout_rooms
D:4:      layout_basic
D:5:      layout_cave_pods, nicolae_vehumet_altar_sigil,
          nicolae_ru_the_path_less_chosen
D:6:      layout_rooms, kennysheep_opposing_triangles
D:7:      layout_rooms, elyvilon_altar_3, mainiacjoe_overflow_24_doors,
          minmay_temple_entry_trees
D:8:      layout_cave_pools, erik_lair_orcish_takeover, serial_column_ruins,
          column_ruins_hut_ruined, column_ruins_temple_circle,
          column_ruins_grid_4, column_ruins_open_medium, column_ruins_open_tiny,
          column_ruins_columns_corner, column_ruins_columns_straight,
          column_ruins_open_medium, kennysheep_cross_room
D:9:      layout_roguey, enter_bailey_5
D:10:     layout_cross, mainiacjoe_overflow_catch_the_wave, minivault_20,
          hangedman_stone_soup
D:11:     layout_loops_cross, uniq_josephine
D:12:     layout_rooms, david_orc_3
D:13:     layout_basic, bh_circular_ruins
D:14:     gammafunk_beogh_shrine, layout_loops_corners, david_vaults_2,
          hangedman_glass_teeth, kennysheep_generic_room_13

Skill      XL: |  1  2  3  4  5  6  7  8  9 10 11 12 13 |
---------------+----------------------------------------+-----
Axes           | 3 4 5 7 9 10 12 14 | 14.9
Dodging        | 2 3 4 |  4.4
Fighting       | 4 5 6 7 8 10 | 10.8
Armour         | 3 4 5 6 8 9 10 11 | 11.2
Stealth        | 1 2 |  2.9
Throwing       | 1 2 |  2.0
Shields        | 1 3 4 6 |  6.9

Action                     |  1- 3 |  4- 6 |  7- 9 | 10-12 | 13-15 || total
---------------------------+-------+-------+-------+-------+-------++-------
  Melee: Hand axe          |    56 |       |       |       |       ||    56
         War axe           |    18 |    67 |   137 |   115 |    56 ||   393
         Punch             |       |       |     2 |       |       ||     2
         Broad axe         |       |       |       |   269 |    41 ||   310
  Throw: Dart              |       |       |     3 |     6 |     6 ||    15
 Invoke: Berserk           |       |     3 |     6 |     6 |     2 ||    17
         Trog's Hand       |       |       |     1 |     6 |     4 ||    11
         Brothers in Arms  |       |       |       |     2 |     1 ||     3
    Use: Scroll            |     6 |     3 |     5 |     8 |       ||    22
         Potion            |       |       |     3 |     2 |     1 ||     6
 Armour: Animal skin       |    14 |       |       |       |       ||    14
         Chain mail        |    30 |    80 |   105 |   317 |       ||   532
         Plate armour      |       |       |       |       |    98 ||    98
  Dodge: Dodged            |    32 |    62 |    64 |   217 |    37 ||   412
  Block: Buckler           |       |       |    10 |   124 |    29 ||   163

Table legend: (Time is in decaauts)
 A = Elapsed time spent in this place.
 B = Non-inter-level travel time spent in this place.
 C = Inter-level travel time spent in this place.
 D = Time resting spent in this place.
 E = Time spent auto-exploring this place.
 F = Levels seen in this place.
 G = Mean time per level.
                   A        B        C        D        E       F      G
               +--------+--------+--------+--------+--------+-----+--------+
         Total |  10213 |   9941 |    272 |    115 |   7571 |  14 |  729.5 |
       Dungeon |  10213 |   9941 |    272 |    115 |   7571 |  14 |  729.5 |
               +--------+--------+--------+--------+--------+-----+--------+

Top non-repeatable levels by time:
     D:5: 1021 daAuts
    D:13: 957 daAuts
    D:11: 945 daAuts
     D:8: 753 daAuts
     D:4: 733 daAuts
     D:7: 703 daAuts
     D:9: 701 daAuts
    D:12: 698 daAuts
    D:10: 681 daAuts
     D:1: 662 daAuts
     D:6: 647 daAuts
    D:14: 635 daAuts
     D:2: 617 daAuts
     D:3: 453 daAuts
